 Seeded DCSS version 0.30-a0-743-gbfdf073431 (webtiles) character file.

Game seed: 20230207 (custom seed)

1362 a11behringer the Chopper (level 8, -15/69 HPs)
             Began as a Hill Orc Cinder Acolyte on Feb 7, 2023.
             Was a High Priest of Ignis.
             Blown up by an orc (17 damage)
             ... with a mindburst bolt
             ... on level 7 of the Dungeon.
             The game lasted 00:14:07 (4806 turns).

a11behringer the Chopper (Hill Orc Cinder Acolyte)  Turns: 4806, Time: 00:14:07

Health: -15/69     AC: 12    Str: 17    XL:     8   Next: 64%
Magic:  10/12      EV: 11    Int: 16    God:    Ignis [*****.]
Gold:   335        SH:  0    Dex:  6    Spells: 11/13 levels left

rFire   + . .      SeeInvis .    q - +0 trident (spect)
rCold   . . .      Faith    .    (no shield)
rNeg    . . .      Spirit   .    n - +0 leather armour
rPois   .          Reflect  .    p - +2 helmet
rElec   .          Harm     .    i - +0 cloak
rCorr   .          Rampage  .    e - +2 pair of gloves
Will    .....                    u - +0 pair of boots
Stlth   +                        (no amulet)
HPRegen 0.31/turn                (no ring)
MPRegen 0.13/turn                (no ring)

@: mighty
A: no striking features
a: Renounce Religion, Fiery Armour, Foxfire Swarm, Rising Flame


You were on level 7 of the Dungeon.
You worshipped Ignis.
Ignis was extremely pleased with you.
You visited 1 branch of the dungeon, and saw 7 of its levels.

You collected 335 gold pieces.

Inventory:

Hand Weapons
 a - a -1 hand axe of flaming
 q - a +0 spectral trident (weapon)
 s - a +0 war axe
Armour
 b - a +0 robe
 d - a +0 scale mail
 e - a +2 pair of gloves (worn)
 i - a +0 cloak (worn)
 k - a +0 kite shield
 n - a +0 leather armour (worn)
 p - a +2 helmet (worn)
 u - a +0 pair of boots (worn)
Scrolls
 f - 2 scrolls of enchant armour
 h - 2 scrolls of brand weapon
 j - 2 scrolls of magic mapping
 t - 2 scrolls of noise {unknown}
Potions
 c - 2 potions of heal wounds
 g - 2 potions of might
 l - a potion of curing
 m - a potion of attraction
 o - a potion of brilliance {unknown}
 r - a potion of mutation


   Skills:
 + Level 5.5 Fighting
 + Level 6.9(7.8) Axes
 * Level 4.5(5.9) Polearms
 + Level 3.8 Armour
 + Level 3.2 Spellcasting
 * Level 6.1 Fire Magic


You had 11 spell levels left.
You knew the following spells:

 Your Spells              Type           Power      Damage    Failure   Level
a - Scorch                Fire           44%        2d7       2%          2

Your spell library contained the following spells:

 Spells                   Type           Power      Damage    Failure   Level
 Beastly Appendage        Tmut           4%         N/A       22%         1
 Freeze                   Ice            8%         1d3       22%         1
 Magic Dart               Conj           8%         1d3       22%         1
 Summon Small Mammal      Summ           8%         N/A       22%         1
 Call Imp                 Summ           2%         N/A       32%         2
 Ensorcelled Hibernation  Hex/Ice        4%         N/A       32%         2
 Wereblood                Tmut           2%         N/A       32%         2
 Call Canine Familiar     Summ           2%         N/A       54%         3
 Dazzling Flash           Conj/Hex       4%         N/A       54%         3
 Frozen Ramparts          Ice            4%         1d1       54%         3
 Hailstorm                Conj/Ice       2%         3d3       54%         3
 Mephitic Cloud           Conj/Pois/Air  2%         N/A       54%         3
 Spider Form              Tmut/Pois      2%         N/A       54%         3
 Summon Guardian Golem    Hex/Summ       2%         N/A       54%         3
 Anguish                  Hex/Necr       1%         N/A       91%         4
 Iskenderun's Mystic Bla  Conj/Tloc      2%         2d3       91%         4
 Summon Forest            Summ/Tloc      1%         N/A       99%         5
 Summon Mana Viper        Hex/Summ       2%         N/A       99%         5
 Starburst                Conj/Fire      6%         6d4       100%        6
 Summon Cactus Giant      Summ           1%         N/A       100%        6


Dungeon Overview and Level Annotations

Branches:
Dungeon (7/15)             Temple (0/1) D:4

Altars:

Annotations:
D:7 Joseph


Message History

Things that are here:
a +0 club; a +0 robe
t - 2 scrolls labelled NOAJEZI OMMYC (gained 1)
You now have 335 gold pieces (gained 11).
Joseph, a Mercenary comes into view.
He is wielding a +0 quarterstaff.
Joseph unwields a +0 quarterstaff.
Joseph wields a +0 sling.
Joseph shoots a sling bullet.
The sling bullet hits you.
A phantom comes into view.
Joseph shoots a sling bullet.
The sling bullet hits you.
You hear a shout!
Joseph shoots a sling bullet.
The sling bullet hits you!
An orc comes into view.
It is wielding a +0 club and carrying a wand of mindburst (13).
Joseph shoots a sling bullet.
The sling bullet hits you.
Joseph shoots a sling bullet.
The sling bullet hits you!
The orc sings a few bars from the Orcish anthem.
The phantom hits you but does no damage.
Casting: Scorch (safe; 2% risk of failure)
Confirm with . or Enter, or press ? or * to list all spells.
Flames lash Joseph.
Joseph is lightly wounded.
Joseph's fire resistance burns away.
Joseph shoots a sling bullet.
The sling bullet hits you!
The phantom hits you but does no damage.
You feel much better.
Joseph shoots a sling bullet.
The sling bullet hits you!
The orc zaps a wand.
Your mind is blasted!
The phantom misses you.
You feel very mighty all of a sudden.
Joseph shoots a sling bullet.
The sling bullet hits you!
* * * LOW HITPOINT WARNING * * *
The phantom hits you.
* * * LOW HITPOINT WARNING * * *
Joseph unwields a +0 sling.
Joseph wields a +0 quarterstaff.
Joseph hits you with a +0 quarterstaff.
* * * LOW HITPOINT WARNING * * *
The orc barely misses you. The phantom hits you.
* * * LOW HITPOINT WARNING * * *
You barely miss Joseph.
Joseph is lightly wounded.
Your +0 spectral trident hits Joseph from afar!
Joseph closely misses you.
The orc zaps a wand.
Your mind is blasted!
You die...

...............
...............
................
.................
.................
.................
.........@.......
........@.......
.......W(o......
##.#......#.... # #
#.#........... #.#
#...........#.
#####.#######.###..#.##
.......#......## ..#.#
.....#.........# ..# #
.....##..###...# ...


You could see Joseph (combustible), a phantom, an orc and a friendly +0 spectral
trident (summoned).

Vanquished Creatures
  An ice beast (D:5)
  A sky beast (D:7)
  An ogre (D:5)
  2 phantoms
  A bullfrog (D:6)
  4 scorpions
  3 wights (D:6)
  A necrophage (D:4)
  A gnoll bouda (D:7)
  An orc priest (D:3)
  2 hounds (D:5)
  An iguana (D:5)
  7 adders
  11 gnolls
  A shadow imp (D:5)
  An ufetubus (D:5)
  4 dart slugs
  11 orcs
  9 ball pythons
  8 endoplasms
  A giant cockroach (D:2)
  14 goblins
  6 hobgoblins
  A quokka (D:3)
  3 bats
  2 frilled lizards
  10 kobolds
  11 rats
119 creatures vanquished.

Vanquished Creatures (others)
  14 foxfires (D:4)
14 creatures vanquished.

Grand Total: 133 creatures vanquished

Notes
Turn   | Place    | Note
-------+----------+-------------------------------------------
     0 | D:1      | a11behringer the Hill Orc Cinder Acolyte began the quest
                  | for the Orb.
     0 | D:1      | Reached XP level 1. HP: 19/19 MP: 2/2
   324 | D:1      | Reached XP level 2. HP: 26/27 MP: 3/3
   635 | D:1      | Learned a level 2 spell: Scorch
   641 | D:1      | Reached XP level 3. HP: 33/33 MP: 4/4
  1114 | D:2      | Reached skill level 1 in Armour
  1597 | D:2      | Reached XP level 4. HP: 31/40 MP: 3/6
  1895 | D:3      | Reached skill level 5 in Axes
  1902 | D:3      | Reached XP level 5. HP: 27/46 MP: 7/7
  2013 | D:3      | Found a faded altar of an unknown god.
  2729 | D:4      | Reached skill level 1 in Polearms
  2729 | D:4      | Reached XP level 6. HP: 52/53 MP: 9/9
  3088 | D:4      | Found a staircase to the Ecumenical Temple.
  3096 | D:4      | Reached XP level 7. HP: 60/60 MP: 10/10
  3396 | D:5      | Entered Level 5 of the Dungeon
  3836 | D:5      | Reached skill level 5 in Fire Magic
  3889 | D:5      | Reached skill level 5 in Fighting
  3967 | D:5      | Reached XP level 8. HP: 68/68 MP: 12/12
  4796 | D:7      | Noticed Joseph
  4805 | D:7      | HP: 2/69 [phantom (6)]
  4806 | D:7      | Blown up by an orc

Illustrated notes

Levels and vault maps discovered:
D:1:      dpeg_arrival_long_road, layout_basic
D:2:      layout_basic, minmay_misc_feat_more_columns
D:3:      kennysheep_the_goblin_king, layout_basic,
          hellmonk_ecumenical_altar_run_dry
D:4:      layout_loops_cross, minmay_temple_entry_arrows, kennysheep_nub
D:5:      layout_gridville, dreamdust_mushroom_princess
D:6:      layout_gridville
D:7:      layout_basic, uniq_joseph

Skill      XL: |  1  2  3  4  5  6  7  8 |
---------------+-------------------------+-----
Armour         | 1 2 3 |  3.8
Fighting       | 4 5 |  5.5
Axes           | 5 6 |  6.9
Spellcasting   | 2 3 |  3.2
Fire Magic     | 4 5 6 |  6.1
Polearms       | 1 2 3 4 |  4.5

Action                     |  1- 3 |  4- 6 |  7- 9 || total
---------------------------+-------+-------+-------++-------
  Melee: Hand axe          |   101 |    88 |       ||   189
         Punch             |     3 |       |     1 ||     4
         Trident           |       |    32 |    54 ||    86
   Cast: Scorch            |     1 |       |     6 ||     7
 Invoke: Fiery Armour      |       |     1 |       ||     1
         Foxfire Swarm     |       |     1 |       ||     1
    Use: Scroll            |       |     7 |     6 ||    13
         Potion            |       |       |     2 ||     2
 Armour: Scale mail        |    50 |     2 |       ||    52
         Robe              |     1 |       |       ||     1
         Leather armour    |       |    54 |    19 ||    73
  Dodge: Dodged            |    50 |    85 |    30 ||   165

Table legend: (Time is in decaauts)
 A = Elapsed time spent in this place.
 B = Non-inter-level travel time spent in this place.
 C = Inter-level travel time spent in this place.
 D = Time resting spent in this place.
 E = Time spent auto-exploring this place.
 F = Levels seen in this place.
 G = Mean time per level.
                   A        B        C        D        E       F      G
               +--------+--------+--------+--------+--------+-----+--------+
         Total |   4824 |   4526 |    298 |      0 |   3809 |   7 |  689.1 |
       Dungeon |   4824 |   4526 |    298 |      0 |   3809 |   7 |  689.1 |
               +--------+--------+--------+--------+--------+-----+--------+

Top non-repeatable levels by time:
     D:1: 1085 daAuts
     D:4: 841 daAuts
     D:5: 796 daAuts
     D:2: 795 daAuts
     D:3: 688 daAuts
     D:6: 482 daAuts
     D:7: 133 daAuts
